Cogmind - Beta 16 @@@ ROGUE MODE // 2026.01.25 @ 11:58:35 Player: TheAnonymousOne Result: Self-destructed Performance ------------- Evolutions (1) 500 Regions Visited (2) 400 Robots Destroyed (26) 130 Value Destroyed (660) 660 Prototype IDs (1) 20 Alien Tech Used (0) 0 Bonus (0) 0 TOTAL SCORE: 1710 Bonus ------- None Cogmind --------- Core Integrity 222/400 Matter 281/300 Energy 91/100 System Corruption 0% Temperature Cool (6) Movement Treading (160) Location -9/Materials Parts ------- > --- POWER (2) -------- (None) > --- PROPULSION (3) --- Light Treads > --- UTILITY (2) ------ Cooling System Medium Storage Unit > --- WEAPON (2) ------- Beam Rifle Grenade Launcher > --- INVENTORY (10) --- Light Ion Engine Flight Unit Flight Unit Flight Unit Heat Sink Cooling System Utility Shielding Heavy Assault Rifle EMP Blaster Peak State ------------ > --- POWER ------------ Ion Engine Ion Engine > --- PROPULSION ------- Light Treads Light Treads Light Treads > --- UTILITY ---------- Medium Storage Unit Utility Shielding > --- WEAPON ----------- Beam Rifle Improved Medium Laser > --- INVENTORY -------- Light Ion Engine Flight Unit Flight Unit Cooling System Small Storage Unit EM Pulse Gun Assault Rifle Light Assault Rifle Grenade Launcher [Rating: 13] Favorites ----------- Power Ion Engine Engine Ion Engine Propulsion Light Treads Treads Light Treads Flight Unit Flight Unit Utility Medium Storage Unit Device Cooling System Storage Medium Storage Unit Protection Utility Shielding Weapon Assault Rifle Energy Gun Beam Rifle Ballistic Gun Assault Rifle Launcher Grenade Launcher Build | -11 -10 -9 ------- Run | Yrd Mat Mat Slots Evolved 2 | . . 2 Power 1 | . . 1 Propulsion 1 | . . 1 Utility . | . . . Weapon . | . . . Parts Attached 20 | 7 2 11 Power 3 | 2 . 1 Engine 3 | 2 . 1 Core . | . . . Reactor . | . . . Propulsion 6 | 2 . 4 Treads 5 | 2 . 3 Leg . | . . . Wheel . | . . . Hover . | . . . Flight 1 | . . 1 Utility 4 | 1 2 1 Device 1 | . . 1 Storage 2 | 1 1 . Processor . | . . . Hackware . | . . . Protection 1 | . 1 . Artifact . | . . . Weapon 7 | 2 . 5 Energy Gun 3 | . . 3 Energy Cannon . | . . . Ballistic Gun 3 | 2 . 1 Ballistic Cannon . | . . . Launcher 1 | . . 1 Special Weapon . | . . . Impact Weapon . | . . . Slashing Weapon . | . . . Piercing Weapon . | . . . Special Melee Weapon . | . . . Unidentified Prototypes 1 | . . 1 Parts Lost 6 | . 1 5 Power 2 | . . 2 Propulsion 4 | . 1 3 Utility . | . . . Weapon . | . . . Highest Loss Streak 4 | . 1 4 To Critical Strikes . | . . . Average Backups 6 | 1 5 7 Power . | . 1 1 Propulsion 1 | . 1 2 Utility 1 | . . 1 Weapon 2 | . 1 2 Tool/Special . | . . . Unused Backups 5 | . . 5 Power . | . . . Propulsion 2 | . . 2 Utility 2 | . . 2 Weapon 1 | . . 1 Tool/Special . | . . . Average Slot Usage (%) 81 | . 84 79 Engine 15 | . 14 16 Treads 20 | . 23 18 Device 3 | . . 4 Storage 11 | . 14 11 Protection 5 | . 4 6 Energy Gun 8 | . . 12 Ballistic Gun 14 | . 28 8 Peak Build Rating 13 | 6 6 13 Average Rating 8 | 4 5 9 On Entrance 4 | . 6 6 Avg Prop Armor Cover (%) . | . . . Naked Turns . | . . . Heaviest Build 28 | 13 19 28 Greatest Support 60 | 40 40 60 Greatest Overweight (x) 1 | . . 1 Average Overweight (x) . | . . . Largest Inventory Capacity 10 | 8 10 10 Average Capacity 9 | 6 9 10 Most Carried 10 | 2 6 10 Average Carried 6 | 1 5 7 Final Capacity 10 | 8 10 10 Final Carried 9 | 2 6 9 Class Distribution -------------------- 76% | Mutant 23% | Scavenger-Mutant Dominant Class ---------------- Mutant | -10/Materials Mutant | -9/Materials Resources | -11 -10 -9 ----------- Run | Yrd Mat Mat Matter Collected 561 | 89 138 334 Remotely . | . . . Salvage Created 774 | . 206 568 Parts 52 | . 15 37 Haulers Intercepted 1 | . . 1 Recyclers Shooed 1 | . . 1 Parts Field Recycled . | . . . Retrieved Matter . | . . . Parts Self-Destructed . | . . . Prevented . | . . . Parts Restored . | . . . Kills | -11 -10 -9 ------- Run | Yrd Mat Mat Combat Hostiles Destroyed 23 | . 7 16 Guns 20 | . 7 13 AOE 3 | . . 3 Classes Destroyed 7 | . 2 5 Builder 1 | . . 1 Hauler 1 | . . 1 Watcher 1 | . . 1 Swarmer 9 | . 3 6 Grunt 11 | . 4 7 Duelist 1 | . . 1 Sentry 2 | . . 2 Best Kill Streak 6 | . 4 6 Combat Bots Only 4 | . 4 4 Max Kills in Single Turn 3 | . 1 3 Gunslinging . | . . . Exploded 2 | . . 2 Melee . | . . . Uniques/NPCs Destroyed . | . . . Combat | -11 -10 -9 -------- Run | Yrd Mat Mat Hostile Shots Fired 157 | . 46 111 Missed 27 | . 7 20 Hits 130 | . 39 91 Projectile 130 | . 39 91 Critical Strikes 4 | . 3 1 Damage Taken 1413 | . 423 990 Core 267 | . 89 178 Absorbed by Shields . | . . . Redirected to Shielding 4 | . . 4 Core Remaining (%) 82 | 100 64 . Volleys Fired 83 | . 30 53 Largest 2 | . 2 2 Hottest 112 | . 40 112 Shots Fired 148 | . 60 88 Gun 146 | . 60 86 Cannon . | . . . Launcher 2 | . . 2 Special . | . . . Kinetic 80 | . 60 20 Thermal 66 | . . 66 Explosive 2 | . . 2 Electromagnetic . | . . . Robot Hit Streak 12 | . 12 10 Robot Miss Streak 6 | . 2 6 Penetration Max . | . . . Secondary Targets 5 | . 2 3 Max Gunslinging Chain 1 | . 1 1 Shots Hit Robots 95 | . 41 54 Core Hits 39 | . 13 26 Critical Kills . | . . . Critical Parts Destroyed . | . . . Critical Strikes 3 | . . 3 Burn 3 | . . 3 Melee Attacks . | . . . Impact . | . . . Slashing . | . . . Piercing . | . . . Sneak Attacks . | . . . Combat Hostiles . | . . . Follow-up Attacks . | . . . Damage Inflicted 1526 | . 448 1078 Guns 1328 | . 448 880 Cannons . | . . . Explosions 198 | . . 198 Melee . | . . . Ramming . | . . . Kinetic 611 | . 448 163 Thermal 717 | . . 717 Explosive 198 | . . 198 Electromagnetic . | . . . Impact . | . . . Slashing . | . . . Piercing . | . . . Highest Corruption . | . . . Average Corruption . | . . . Corruption Purged . | . . . Corruption Blocked . | . . . Overload Shots . | . . . Overflow Damage 8 | . . 8 Projectiles . | . . . Explosions 8 | . . 8 Melee . | . . . Knockbacks . | . . . Impact . | . . . Kinetic . | . . . Secondary . | . . . Self-Inflicted Damage . | . . . Shots . | . . . Rammed . | . . . Targets Rammed . | . . . Kicked . | . . . Crushed . | . . . Highest Temperature 416 | . 58 416 Average Temperature 149 | . 29 195 Received Heat Transfer 531 | . 210 321 Effects 4 | . . 4 Shutdowns 3 | . . 3 Energy Bleed 1 | . . 1 Siege Activations . | . . . Martial Activations . | . . . Shielding Activations . | . . . Robots Disrupted . | . . . Combat Hostiles . | . . . Robots Corrupted . | . . . Combat Hostiles . | . . . Parts Fried . | . . . Impact Corruptions . | . . . Robots Melted . | . . . Combat Hostiles . | . . . Parts Melted 3 | . . 3 Heat Transferred 1998 | . . 1998 Parts Sabotaged . | . . . Parts Stolen . | . . . Parts Stripped . | . . . Power Chain Reactions . | . . . Alert | -11 -10 -9 ------- Run | Yrd Mat Mat Maximum Alert Level 1 | . . 1 Low Security (%) 95 | 100 100 92 Level 1 4 | . . 7 Level 2 . | . . . Level 3 . | . . . Level 4 . | . . . Level 5 . | . . . High Security . | . . . Max Security . | . . . Peak Influence 300 | . 100 300 Initial 33 | . . 33 Average 70 | . 46 90 Influence Increases 696 | . 190 506 Destroy 0b10 Robot/C 460 | . 140 320 Destroy 0b10 Robot/NC 15 | . . 15 Destroy Leader 94 | . 20 74 Successful Hack 22 | . . 22 Disable Machine 15 | . . 15 Partial Spotted 15 | . . 15 Lose Combat Pursuer 75 | . 30 45 Influence Decreases 424 | . 110 314 Entered New Map 47 | . . 47 Time Decay 317 | . 100 217 Lost Part 60 | . 10 50 Squads Dispatched 2 | . . 2 Investigation 1 | . . 1 Extermination . | . . . Reinforcement 1 | . . 1 Assault . | . . . Garrison . | . . . Intercept . | . . . Searches Triggered . | . . . Construction Impeded . | . . . Haulers Reinforced . | . . . Active Scanning Responses . | . . . Cargo Convoy Interrupts . | . . . Stealth | -11 -10 -9 --------- Run | Yrd Mat Mat Distress Signals 3 | . 1 2 Communications Jammed . | . . . Distress Signals . | . . . Times Spotted 34 | . 10 24 Peak Tracking Total 7 | . 4 7 Tactical Retreats 4 | . 1 3 Traps | -11 -10 -9 ------- Run | Yrd Mat Mat Traps Triggered 1 | . . 1 Indirectly . | . . . Trap Hack Attempts . | . . . Triggered . | . . . Disarmed . | . . . Reprogrammed . | . . . Reused . | . . . Traps Extracted . | . . . Installed . | . . . Triggered . | . . . Machines | -11 -10 -9 ---------- Run | Yrd Mat Mat Machines Disabled 1 | . . 1 Max in Single Turn 1 | . . 1 Machines Repaired . | . . . Machines Dismantled . | . . . Machines Sabotaged . | . . . Overloaded Fab Kills . | . . . Hacking | -11 -10 -9 --------- Run | Yrd Mat Mat Machines Accessed 8 | . 3 5 Terminals 5 | . 2 3 Fabricators . | . . . Repair Stations . | . . . Recycling Units 2 | . 1 1 Scanalyzers 1 | . . 1 Garrison Access . | . . . Total Hacks 22 | . 5 17 Successful 17 | . 3 14 Failed 5 | . 2 3 Catastrophic . | . . . Database Lockouts . | . . . Manual 9 | . 4 5 Terminals 11 | . 4 7 Fabricators . | . . . Repair Stations . | . . . Recycling Units 2 | . 1 1 Scanalyzers 9 | . . 9 Garrison Access . | . . . Terminal Hacks 1 | . . 1 Record 1 | . . 1 Fabricator Hacks . | . . . Repair Station Hacks . | . . . Recycling Unit Hacks 2 | . 1 1 Report Inventory 2 | . 1 1 Scanalyzer 9 | . . 9 Insert Component 3 | . . 3 Analyze 2 | . . 2 Retrieve Study 4 | . . 4 Garrison Access Hacks . | . . . Unauthorized Hacks 5 | . 2 3 Terminals 5 | . 2 3 Botnet 5 | . 2 3 Fabricators . | . . . Repair Stations . | . . . Recycling Units . | . . . Scanalyzers . | . . . Garrison Access . | . . . Data Cores Recovered . | . . . Used . | . . . Hacking Detections 4 | . 1 3 Full Trace Events 1 | . . 1 Feedback Events . | . . . Feedback Blocked . | . . . Robot Schematics Acquired . | . . . Robots Built . | . . . Authchips . | . . . Time . | . . . Total Robot Build Rating . | . . . Part Schematics Acquired 2 | . . 2 Parts Built . | . . . Authchips . | . . . Time . | . . . Total Part Build Rating . | . . . Part Studies Acquired 4 | . . 4 Parts Repaired . | . . . Time . | . . . Parts Recycled . | . . . Recycled Matter . | . . . Retrieved Matter . | . . . Retrieved Components . | . . . Parts Scanalyzed 2 | . . 2 Part Schematics Acquired 2 | . . 2 Parts Damaged . | . . . Bothacking | -11 -10 -9 ------------ Run | Yrd Mat Mat Used RIF Installer . | . . . Robots Hacked . | . . . Non-combat . | . . . Combat . | . . . Robot Hacks Applied . | . . . Relay Couplers Released . | . . . Fabnet Peak Effective % . | . . . Robots Rewired . | . . . Allies Hacked . | . . . Hacks Repelled . | . . . Allies | -11 -10 -9 -------- Run | Yrd Mat Mat Total Allies . | . . . Largest Group . | . . . Highest-Rated Group . | . . . Highest-Rated Ally . | . . . Total Orders . | . . . Ally Attacks . | . . . Total Damage . | . . . Kills . | . . . Allies Corrupted . | . . . Allies Melted . | . . . Intel | -11 -10 -9 ------- Run | Yrd Mat Mat Active Infowar (turns) . | . . . Robot Analysis Total . | . . . Derelict Logs Recovered . | . . . Drone Launches . | . . . Drone Recoveries . | . . . Exploration | -11 -10 -9 ------------- Run | Yrd Mat Mat Turns Passed 940 | 73 274 593 Spaces Moved 370 | 42 111 217 Core 5 | 5 . . Treads 365 | 37 111 217 Legs . | . . . Wheels . | . . . Hover . | . . . Flight . | . . . Fastest Speed 50 | 50 160 160 Average Speed 174 | 146 160 186 Slowest Speed 240 | 160 160 240 Overloaded Moves . | . . . Propulsion Burnouts . | . . . Robots Hopped . | . . . Potential Cave-ins . | . . . Cave-ins Triggered . | . . . Exploration Rate (%) 18 | 4 25 26 Regions Visited 2 Branch Regions . Pre-discovered Areas . | . . . Known Exits Taken . | . . . Unknown Exits Taken 2 | 1 1 . Scrap Searched . | . . . Spaces Dug . | . . . Terrain Destroyed . | . . . Melee . | . . . Projectile . | . . . AOE . | . . . Terrain Rammed . | . . . Walls Destroyed . | . . . Machines Disabled . | . . . Actions | -11 -10 -9 --------- Run | Yrd Mat Mat Total 518 | 50 153 315 Wait 22 | 1 7 14 Move 368 | 41 110 217 Hop . | . . . Pick Up 18 | 1 4 13 Fast Attach 7 | 6 1 . Attach 4 | . . 4 Detach . | . . . Swap 10 | 1 1 8 Drop 6 | . . 6 Fire 83 | . 30 53 Melee . | . . . Ram . | . . . Kick . | . . . Crush . | . . . Escape Stasis . | . . . Rewire . | . . . Trap . | . . . Miscellaneous . | . . . Route ------- -11/Scrapyard -10/Materials -9/Materials History --------- Turn | Location | Event 4 | -11/Scrapyard | Discovered new exit (range 16) 74 | -11/Scrapyard | Entered Materials 308 | -10/Materials | Build established: Mutant 328 | -10/Materials | Discovered new exit (range 13) 348 | -10/Materials | Entered another Materials area 348 | -9/Materials | Evolved 2 slots: Power x1, Propulsion x1 941 | -9/Materials | Self-destructed Last Messages --------------- K-01 Serf collects debris. U-05 Engineer lays Concrete. R-06 Scavenger inserts Aluminum Leg into recycling unit. K-01 Serf collects debris. U-05 Engineer lays Concrete. K-01 Serf collects debris. U-05 Engineer lays Concrete. R-06 Scavenger inserts Terrain Scanner into recycling unit. U-05 Engineer lays Concrete. K-01 Serf collects debris. Recycling unit begins recycling process. U-05 Engineer lays Concrete. K-01 Serf collects debris. Ion Engine destroyed. R-06 Scavenger inserts Terrain Scan Processor into recycling unit. Y-45 Defender heat damages Lgt. Treads. Lgt. Treads+ destroyed. Map ----- +----------------------------------------------------+ | ?????????????????????????????????????????????????? | | ?????????????????????????????????????????????????? | | ?????????????????????????????????????????????????? | | ?????????????????????????????????????????????????? | | ?????????????????????????????????????????????????? | | ?????????????????????????????????????????????????? | | ?????????????????????????????????????????????????? | | ?????????????????????????????????????????????????? | | ?????????????????????????????????????????????????? | | ?????????????????????????????????????????????????? | | ????????????????????????? ???????????????????????? | | ????????????????????????? ???????????????????????? | | ????????????????????????? ???????????????????????? | | ????????????????????????? ???????????????????????? | | ????????????????????????? ###??? ??????????????? | | ????????????????????????# #??? ?????????????? | | ???????????????????????? #??? ?????????????? | | ????????????????????????# #??? ?????????????? | | ????????????????????????# #??# #?????????????? | | ????????????????????????# a #??# #?????????????? | | ??????????????????????#?# #??# #?????????????? | | ?????????????????????? # gk#### #?????????????? | | ??????????????????????? # o #?????????????? | | ????????????????????????+ Yg #?????????????? | | ????????????????????????#!%""" ###???????????? | | ????????????????????????#@k"T ""#???????????? | | ????????????????????????# k""" T"#???????????? | | ????????????????????????# r ""#???????????? | | ????????????????????????# % #?????????????? | | ????????????????????????# u % #?????????????? | | ????????????????????????# u r ###???????????? | | ????????????????????????#!%u " r""#???????????? | | ????????????????????????# u """ Y"#???????????? | | ????????????????????????# ^ """ ""#???????????? | | ????????????????????????# %###???????????? | | ????????????????????????# #?????????????? | | ????????????????????????# """ #?????????????? | | ??????????????###+####### """ #?????????????? | | ???????????? """ ########??????? | | ???????????? """ # #??????? | | ???????????? # "" #??????? | | ???????????????##+####### ! # """#??????? | | ??????????????????????########## #= S"#??????? | | ??????????????????????# ## %/* #??????? | | ??????????????????????# "## #= #??????? | | ??????????????????????# T##% ############### | | ??????????????????????# """ "# #= | | ??????????????????????# """ # #% [ | | ??????????????????????# """ + + % [ """ | | ??????????????????????# # # ![ [ """[ | +----------------------------------------------------+ Best States ------------- Heat Dissipation 50 Energy Generation 15 Energy Capacity 400 Matter Stores 300 Matter Capacity 300 Sight Range 16 Terrain Scan Density 10 Utility Shielding 33 Evasion (%) 40 Recoil Reduction 3 Item Schematics ----------------- Lgt. Treads | -9/Materials | Scanalyzed Flight Unit | -9/Materials | Scanalyzed Robot Schematics ------------------ None Fabricated ------------ Nothing Repaired ---------- Nothing Studied --------- Lgt. Treads | -9/Materials | Hacked Flight Unit | -9/Materials | Hacked Beam Rifle | -9/Materials | Hacked Lgt. Ion Engine | -9/Materials | Hacked Alien Tech Used ----------------- None Achievements -------------- None Challenges ------------ None Game ------ Seed FluxHybridBlade Manual? 0 Play Time 00:10:35 Cumulative 7.5 hours Start 2026.01.25 @ 11:34:20 End 2026.01.25 @ 11:58:35 Sessions 1 Manual Loads 0 Difficulty Rogue Special Mode None Game No. 40 Rogue 40 Adventurer 0 Explorer 0 Win Type - Total 0 Types 0/0/0/0/0/0/0/0/0/0 Lore% 12 Gallery% 12 Achievement% 13 Wizard Run 0 Options --------- Layout 1 ASCII 0 Keyboard 0 Movement Numpad Keybinds 0 Fullscreen 1 Font 24/Smallcaps Map View 50x35 Zoom Use 0% Tactical HUD 0 Map Filters NONE Filters NONE Steam 1 RUN: 8144a00d-d7a2-4e4d-9f23-799ff8b23206